 Dungeon Crawl Stone Soup version 0.30-a0-743-gbfdf073431 (webtiles) character file.

Game seed: 12686972368573637990

14 porpoise the Chopper (level 2, -1/27 HPs)
             Began as a Hill Orc Monk on Feb 6, 2023.
             Slain by a hobgoblin
             ... wielding a +2 dagger of freezing
              (2 damage)
             ... on level 1 of the Dungeon.
             The game lasted 00:01:39 (226 turns).

porpoise the Chopper (Hill Orc Monk)                 Turns: 226, Time: 00:01:40

Health: -1/27      AC:  6    Str: 13    XL:     2   Next: 41%
Magic:  2/2        EV:  9    Int: 10    God:
Gold:   13         SH:  0    Dex: 13    Spells: 1/1 levels left

rFire   . . .      SeeInvis .    a - +0 hand axe
rCold   . . .      Faith    .    (no shield)
rNeg    . . .      Spirit   .    d - +0 scale mail
rPois   .          Reflect  .    (no helmet)
rElec   .          Harm     .    (no cloak)
rCorr   .          Rampage  .    (no gloves)
Will    .....                    (no boots) Stlth
                                 (no amulet)
HPRegen 0.24/turn                (no ring)
MPRegen 0.08/turn                (no ring)

@: no status effects
A: no striking features
a: no special abilities


You were on level 1 of the Dungeon.
You visited 1 branch of the dungeon, and saw 1 of its levels.

You collected 13 gold pieces.

Inventory:

Hand Weapons
 a - a +0 hand axe (weapon)
Armour
 d - a +0 scale mail (worn)
Scrolls
 b - a scroll of teleportation {unknown}
Potions
 c - a potion of ambrosia


   Skills:
 + Level 3.9 Fighting
 * Level 4.7 Axes
 - Level 2.4 Dodging
 - Level 1.5 Stealth


You had one spell level left.
You didn't know any spells.
Your spell library was empty.

Dungeon Overview and Level Annotations

Branches:
Dungeon (1/15)

Altars:

Shops:
D:1 ?


Message History

You hit the hobgoblin but do no damage. The hobgoblin hits you.
You hit the hobgoblin. You punch the hobgoblin.
The hobgoblin is almost dead.
The hobgoblin closely misses you.
You barely miss the hobgoblin.
The hobgoblin is almost dead.
The hobgoblin hits you.
A ball python comes into view.
You hit the hobgoblin but do no damage.
The hobgoblin is almost dead.
The hobgoblin hits you.
You hit the hobgoblin.
You kill the hobgoblin!
You hit the frilled lizard but do no damage.
The frilled lizard barely misses you.
You hit the frilled lizard.
You kill the frilled lizard!
The bat closely misses you.
A rat comes into view.
The hobgoblin barely misses you.
You barely miss the hobgoblin.
The hobgoblin hits you with a +2 dagger of freezing.
The hobgoblin freezes you.
You barely miss the hobgoblin.
The hobgoblin hits you with a +2 dagger of freezing.
The hobgoblin freezes you.
You are too injured to fight recklessly!
You are too injured to fight recklessly!
You hit the hobgoblin.
The hobgoblin is heavily wounded.
The hobgoblin hits you with a +2 dagger of freezing.
* * * LOW HITPOINT WARNING * * *
The hobgoblin freezes you.
* * * LOW HITPOINT WARNING * * *
You hit the hobgoblin but do no damage.
The hobgoblin is heavily wounded.
The hobgoblin hits you with a +2 dagger of freezing.
* * * LOW HITPOINT WARNING * * *
The hobgoblin freezes you.
You die...

############# .
#...........##.
#.#######......
#.#######.#.#..
#....∩.........
..########..###.##.#.#.#
.....lg@....# #..#.....#
.####S####..###..###.###
r. #........)#†# #$#
#........†..# ..
#.#.......### !
[.##....### ####....#
#.#.## ...[.


You could see a hobgoblin, a ball python, a frilled lizard and a rat.

Vanquished Creatures
  2 endoplasms (D:1)
  3 hobgoblins (D:1)
  A quokka (D:1)
  A ball python (D:1)
  2 frilled lizards (D:1)
  A goblin (D:1)
  A kobold (D:1)
  3 rats (D:1)
14 creatures vanquished.

Notes
Turn   | Place    | Note
-------+----------+-------------------------------------------
     0 | D:1      | porpoise the Hill Orc Monk began the quest for the Orb.
     0 | D:1      | Reached XP level 1. HP: 19/19 MP: 1/1
    31 | D:1      | Found a faded altar of an unknown god.
   121 | D:1      | Reached XP level 2. HP: 14/27 MP: 2/2
   176 | D:1      | Found Udidaa's Magic Scroll Shop.
   226 | D:1      | HP: 1/27 [hobgoblin/+2 dagger of freezing (4)]
   226 | D:1      | Slain by a hobgoblin

Illustrated notes

Levels and vault maps discovered:
D:1:      psy_arrival_basics, layout_loops_ring, serial_shops, shop,
          ebering_ecumenical_altar_rust, minmay_octomino_c4

Action                     || total
---------------------------++-------
  Melee: Hand axe          ||    40
         Punch             ||     1
 Armour: Scale mail        ||    18
  Dodge: Dodged            ||    22

Table legend: (Time is in decaauts)
 A = Elapsed time spent in this place.
 B = Non-inter-level travel time spent in this place.
 C = Inter-level travel time spent in this place.
 D = Time resting spent in this place.
 E = Time spent auto-exploring this place.
 F = Levels seen in this place.
 G = Mean time per level.
                   A        B        C        D        E       F      G
               +--------+--------+--------+--------+--------+-----+--------+
         Total |    229 |    229 |      0 |     67 |     54 |   1 |  229.0 |
       Dungeon |    229 |    229 |      0 |     67 |     54 |   1 |  229.0 |
               +--------+--------+--------+--------+--------+-----+--------+

Top non-repeatable levels by time:
     D:1: 229 daAuts
